 Dungeon Crawl Stone Soup version 0.30-a0-5-g3a90980b9d (webtiles) character file.

Game seed: 4861720225701251664

289 BritishOli the Trooper (level 6, -4/51 HPs)
             Began as a Demonspawn Fighter on Aug 22, 2022.
             Killed from afar by an orc wizard (6 damage)
             ... with a puff of flame
             ... on level 4 of the Dungeon.
             The game lasted 00:03:28 (2305 turns).

BritishOli the Trooper (Demonspawn Fighter)         Turns: 2305, Time: 00:03:30

Health: -4/51      AC:  9    Str: 18    XL:     6   Next: 9%
Magic:  2/2        EV:  9    Int:  9    God:
Gold:   64         SH:  4    Dex: 13    Spells: 5/5 levels left

rFire   . . .      SeeInvis .    p - +12 short sword of Toothy Honour {antimagic, rPois}
rCold   . . .      Faith    .    c - +0 buckler
rNeg    . . .      Spirit   .    b - +0 scale mail
rPois   +          Reflect  .    (no helmet)
rElec   .          Harm     .    (no cloak)
rCorr   .          Rampage  .    (no gloves)
Will    .....                    (no boots)
Stlth   ..........               (no amulet)
HPRegen 0.17/turn                (no ring)
MPRegen 0.16/turn                (no ring)

@: lethally poisoned (-4 -> -9)
A: icy blue scales 2, magic regeneration, weakness stinger 1
a: no special abilities


You were on level 4 of the Dungeon.
You visited 1 branch of the dungeon, and saw 4 of its levels.

You collected 240 gold pieces.
You spent 176 gold pieces at shops.

Inventory:

Hand Weapons
 a - a +0 long sword
 p - the +12 short sword of Toothy Honour (weapon) {antimagic, rPois}
   (You bought it in a shop on level 3 of the Dungeon)

   It reduces the magical energy of the wielder, and disrupts the spells and
   magical abilities of those it strikes.
   Natural abilities and divine invocations are not affected.
   rPois:     It protects you from poison.
Armour
 b - a +0 scale mail (worn)
 c - a +0 buckler (worn)
Scrolls
 e - 3 scrolls of identify {unknown}
 i - a scroll of enchant armour {unknown}
 k - a scroll of poison {unknown}
 l - a scroll of butterflies {unknown}
 o - 2 scrolls of noise {unknown}
 q - 3 scrolls of blinking {unknown}
 r - a scroll of acquirement {unknown}
 u - a scroll of amnesia {unknown}
Potions
 d - a potion of might
 f - a potion of degeneration {unknown}
 g - 3 potions of curing {unknown}
 h - 4 potions of brilliance {unknown}
 j - a potion of ambrosia {unknown}
 m - a potion of flight {unknown}
 n - a potion of berserk rage {unknown}
 s - a potion of invisibility {unknown}
 t - a potion of haste {unknown}


   Skills:
 + Level 5.0 Fighting
 + Level 4.0 Long Blades
 - Level 3.0 Armour
 - Level 3.1 Shields


You had 5 spell levels left.
You didn't know any spells.
Your spell library contained the following spells:

 Spells                   Type           Power      Damage    Failure   Level
 Sublimation of Blood     Necr           0%         N/A       94%         2
 Wereblood                Tmut           0%         N/A       94%         2
 Dazzling Flash           Conj/Hex       0%         N/A       99%         3
 Summon Ice Beast         Ice/Summ       0%         N/A       100%        4
 Agony                    Necr           0%         N/A       100%        5
 Silence                  Hex/Air        0%         N/A       100%        5
 Summon Mana Viper        Hex/Summ       0%         N/A       100%        5
 Monstrous Menagerie      Summ           0%         N/A       100%        7
 Summon Hydra             Summ           0%         N/A       100%        7


Dungeon Overview and Level Annotations

Branches:
Dungeon (4/15)
 Temple: D:4-7

Altars:
Gozag
Sif Muna

Shops:
D:3 *[(


Innate Abilities, Weirdness & Mutations

You are mostly covered in icy blue scales. (AC +3)
You regenerate magic rapidly.
You have a small tail.


Message History

You're too confused to move!
You feel sick. The orc barely misses you. The orc wizard barely misses you.
You bump into the rock wall.
You feel sick. The orc closely misses you.
You feel sick.
You feel sick.
The orc wizard gestures at you while chanting.
The puff of flame hits you.
You miss something.
Your tail-slap misses something.
You feel sick.
You puncture something!
Your tail-slap misses something.
You feel less confused.
You feel sick. Something hits you.
The orc wizard mumbles some strange words.
The orc wizard flickers and vanishes!
You hit something.
You feel sick.
You barely miss something.
You feel sick.
You are no longer poisoned.
Something hits you but does no damage. Something hits you.
Something hits you but does no damage.
You are poisoned.
You closely miss something.
You feel very sick. Something hits you.
* * * LOW HITPOINT WARNING * * *
The kobold throws a poisoned dart.
The poisoned dart closely misses you. Something hits you but does no damage.
Something hits you.
* * * LOW HITPOINT WARNING * * *
You hit something.
Reactivating autopickup.
You feel a bit more experienced.
* * * LOW HITPOINT WARNING * * *
You feel sick.
You hear some strange, mumbled words.
A puff of flame appears from out of thin air!
Deactivating autopickup; reactivate with Ctrl-A.
The puff of flame hits you.
* * * LOW HITPOINT WARNING * * *
You hear some strange, mumbled words.
A puff of flame appears from out of thin air!
The puff of flame hits you.
You die...

...............#... . .
.)###...⌠......##.#.#.# .
##..........##..#.#.#
#..........###..#...#
#.).).......##...>..###
....)....#...###........K
..#......#..###oKo#
.##......#...###{####...
o .............)@{......
.#.....................
##............#.........
#....##...#..##..###..# #
#....#..##..# ..
......#...#.## #
....#........ ....
........


You could see 2 orcs and a kobold.

Vanquished Creatures
  Grinder (D:3)
  Jessica (D:3)
  An orc wizard (D:4)
  An adder (D:2)
  A dart slug (D:1)
  3 orcs (D:4)
  3 bats (D:1)
  3 endoplasms
  4 giant cockroaches
  3 goblins
  8 hobgoblins
  7 quokkas
  5 ball pythons (D:1)
  4 frilled lizards
  4 kobolds
  11 rats
60 creatures vanquished.

Vanquished Creatures (others)
  A fungus (D:1)
1 creature vanquished.

Grand Total: 61 creatures vanquished

Notes
Turn   | Place    | Note
-------+----------+-------------------------------------------
     0 | D:1      | BritishOli the Demonspawn Fighter began the quest for the
                  | Orb.
     0 | D:1      | Reached XP level 1. HP: 18/18 MP: 1/1
   410 | D:1      | Gained mutation: You are partially covered in icy blue
                  | scales. (AC +2) [demonic ancestry]
   410 | D:1      | Reached XP level 2. HP: 22/24 MP: 2/2
   765 | D:1      | Found a faded altar of an unknown god.
   805 | D:1      | Gained mutation: You are mostly covered in icy blue scales.
                  | (AC +3) [demonic ancestry]
   805 | D:1      | Reached XP level 3. HP: 29/29 MP: 3/3
  1207 | D:2      | Found a shimmering blue altar of Sif Muna.
  1359 | D:3      | Found an opulent altar of Gozag.
  1376 | D:3      | Found Orysudgh's Armour Shop.
  1601 | D:3      | Found Subrud Veide's Antique Weapon Boutique.
  1609 | D:3      | Bought a pitted short sword for 176 gold pieces
  1609 | D:3      | Identified the +12 short sword of Toothy Honour {antimagic,
                  | rPois} (You bought it in a shop on level 3 of the Dungeon)
  1688 | D:3      | Found Bacae's Assorted Antiques.
  1838 | D:3      | Noticed Jessica
  1838 | D:3      | Noticed Grinder
  1849 | D:3      | Killed Grinder
  1850 | D:3      | Reached skill level 4 in Fighting
  1850 | D:3      | Reached XP level 4. HP: 7/38 MP: 1/4
  1850 | D:3      | Gained mutation: You regenerate magic rapidly. [demonic
                  | ancestry]
  1850 | D:3      | Reached XP level 5. HP: 8/43 MP: 1/5
  1850 | D:3      | Killed Jessica
  1851 | D:3      | Gained mutation: You have a small tail. [demonic ancestry]
  1851 | D:3      | Reached XP level 6. HP: 9/50 MP: 2/6
  2234 | D:4      | Reached skill level 5 in Fighting
  2305 | D:4      | HP: 2/51 [something/puff of flame (4)]
  2305 | D:4      | Killed from afar by an orc wizard

Illustrated notes

Levels and vault maps discovered:
D:1:      matt_arrival_diagonals, layout_basic,
          shapermc_ecumenical_altar_mp_urbaneastern
D:2:      layout_rooms, basic_altar
D:3:      layout_rooms, old_standard_altar, serial_shops, shop, shop, shop,
          reono_crystal_passage, kennysheep_jessica_study, uniq_grinder
D:4:      layout_cave_pools, serial_column_ruins, column_ruins_open_small,
          column_ruins_open_small, column_ruins_open_medium,
          column_ruins_columns_straight, column_ruins_columns_water,
          column_ruins_grid_3, serial_shops, shop, shop, shop, shop

Skill      XL: |  1  2  3  4  5  6 |
---------------+-------------------+-----
Long Blades    | 2 3 4 |  4.0
Shields        | 3 |  3.1
Armour         | 3 |  3.0
Fighting       | 4 5 |  5.0

Action                   |  1- 3 |  4- 6 || total
-------------------------+-------+-------++-------
Melee: Long sword        |   128 |       ||   128
       Short sword       |    17 |    21 ||    38
       Tailslap          |       |     1 ||     1
Armor: Scale mail        |    77 |    11 ||    88
Dodge: Dodged            |    57 |    14 ||    71
Block: Buckler           |    39 |       ||    39

Table legend: (Time is in decaauts)
 A = Elapsed time spent in this place.
 B = Non-inter-level travel time spent in this place.
 C = Inter-level travel time spent in this place.
 D = Time resting spent in this place.
 E = Time spent auto-exploring this place.
 F = Levels seen in this place.
 G = Mean time per level.
                   A        B        C        D        E       F      G
               +--------+--------+--------+--------+--------+-----+--------+
         Total |   2348 |   2300 |     48 |    515 |   1391 |   4 |  587.0 |
       Dungeon |   2348 |   2300 |     48 |    515 |   1391 |   4 |  587.0 |
               +--------+--------+--------+--------+--------+-----+--------+

Top non-repeatable levels by time:
     D:1: 1008 daAuts
     D:3: 876 daAuts
     D:2: 374 daAuts
     D:4: 88 daAuts
